 Dungeon Crawl Stone Soup version 0.28-a0-1190-g77e1c55843 (webtiles) character file.

Game seed: 12064093650984473973

110122 emperorscorpion the Cleaver (level 16, -31/103 HPs)
             Began as a Gnoll Chaos Knight on Dec 18, 2021.
             Was a Priest of Jiyva.
             Killed from afar by Aizul (46 damage)
             ... with a poison arrow
             ... on level 1 of the Shoals.
             The game lasted 02:30:40 (28907 turns).

emperorscorpion the Cleaver (Gnoll Chaos Knight)   Turns: 28907, Time: 02:30:40

Health: -31/103    AC: 15    Str: 19 (22) XL:     16   Next: 54%
Magic:  17/31      EV: 12    Int: 12 (13) God:    Jiyva [***...]
Gold:   1427       SH:  5    Dex:  4 (7)  Spells: 9/37 levels left

rFire   + + +      SeeInvis +   b - +5 arbalest
rCold   . . .      Faith    .   (shield currently unavailable)
rNeg    . . .      Spirit   .   s - +4 troll leather armour {Snorg}
rPois   .          Reflect  +   V - +2 helmet {SInv}
rElec   .          Harm     .   S - scarf {rC+ rF+}
rCorr   +          Rampage  .   A - +0 pair of gloves "Kuyjuw" {rF++ Regen+ Dex-3 SInv}
Will    +....      Rage     1%  R - +1 pair of boots
Stlth   ++++......              r - amulet of reflection
HPRegen 2.99/turn               x - ring of fire
MPRegen 0.57/turn               I - +6 ring of strength

@: lethally poisoned (-31 -> -39), studying Staves
A: fangs 1, strong nose, distributed training, berserk 1, clumsy 2, deformed
body, deterioration 1, frail 2
a: Renounce Religion, Oozemancy


You were on level 1 of the Shoals.
You worshipped Jiyva.
Jiyva was most pleased with you.
You visited 5 branches of the dungeon, and saw 29 of its levels.
You also visited: Trove, Bailey and Ice Cave.

You collected 2544 gold pieces.
You spent 1117 gold pieces at shops.

Inventory:

Hand Weapons
 b - a +5 arbalest (weapon)
 i - a +8 quick blade
Missiles
 d - 7 throwing nets
 f - 2 datura-tipped darts
 g - 45 bolts (quivered ammo)
 k - 10 javelins
 H - 10 curare-tipped darts
Armour
 n - a +0 cloak
 o - the +5 ring mail of the Beekeeper {rElec rN++ Dex-2}
   (You found it on level 5 of the Lair of Beasts)

   Dex:       It affects your dexterity (-2).
   rElec:     It insulates you from electricity.
   rN:        It greatly protects you from negative energy.
 s - a +4 troll leather armour (worn) {Snorg}
 A - the +0 pair of gloves "Kuyjuw" (worn) {rF++ Regen+ Dex-3 SInv}
   (Xom gifted it to you on level 2 of the Lair of Beasts)

   Dex:       It affects your dexterity (-3).
   rF:        It greatly protects you from fire.
   SInv:      It lets you see invisible.
   Regen:     It increases your rate of health regeneration.
 B - a +2 robe of the Archmagi
 N - a +2 buckler of protection
 R - a +1 pair of boots (worn)
 S - a scarf of resistance (worn)
 V - a +2 helmet of see invisible (worn)
Jewellery
 c - a ring of resist corrosion
 h - an amulet of magic regeneration
 r - an amulet of reflection (around neck)
 x - a ring of fire (left hand)
 I - a +6 ring of strength (right hand)
 P - an amulet of regeneration
Wands
 p - a wand of digging (8)
 u - a wand of flame (28)
 K - a wand of mindburst (27)
 M - a wand of charming (9)
 T - a wand of iceblast (19)
 X - a wand of paralysis (2)
Scrolls
 e - 2 scrolls of silence
 m - 3 scrolls of immolation
 v - 6 scrolls of fog
 w - a scroll of amnesia
 z - 5 scrolls of teleportation
 D - 18 scrolls of identify
 O - 2 scrolls of blinking
 Q - 2 scrolls of holy word
 U - 3 scrolls of fear
Potions
 a - a potion of resistance
 j - 9 potions of curing
 l - 5 potions of might
 t - 2 potions of flight
 y - a potion of invisibility
 C - 3 potions of heal wounds
 F - 2 potions of magic
 G - 2 potions of cancellation
 J - 5 potions of brilliance
 L - a potion of ambrosia
 W - a potion of lignification
 Y - 3 potions of haste
Miscellaneous
 q - a condenser vane (inert)
 E - a box of beasts (inert)
 Z - a piece from Xom's chessboard (15/15)


   Skills:
 + Level 12.8 Fighting
 + Level 11.1 Short Blades
 + Level 11.1 Long Blades
 + Level 12.8 Axes
 + Level 11.1 Maces & Flails
 + Level 11.1 Polearms
 + Level 11.7 Staves
 + Level 11.1 Slings
 + Level 11.1 Bows
 + Level 11.1 Crossbows
 + Level 11.1 Throwing
 + Level 12.0 Armour
 + Level 11.4 Dodging
 + Level 11.1 Stealth
 + Level 11.1 Shields
 + Level 11.1 Unarmed Combat
 + Level 11.1 Spellcasting
 + Level 9.3 Conjurations
 + Level 9.3 Hexes
 + Level 9.3 Summonings
 + Level 9.3 Necromancy
 + Level 9.3 Translocations
 + Level 9.3 Transmutations
 + Level 9.3 Fire Magic
 + Level 9.3 Ice Magic
 + Level 9.3 Air Magic
 + Level 9.3 Earth Magic
 + Level 9.3 Poison Magic
 + Level 12.0 Invocations
 + Level 11.1 Evocations


You had 9 spell levels left.
You knew the following spells:

 Your Spells              Type           Power      Damage    Failure   Level
a - Scorch                Fire           86%        2d9       1%          2
b - Vampiric Draining     Necr           29%        2d8       1%          3
c - Fireball              Conj/Fire      21%        3d10      7%          5
d - Tukima's Dance        Hex            29%        N/A       1%          3
e - Call Canine Familiar  Summ           29%        N/A       1%          3
f - Mephitic Cloud        Conj/Pois/Air  29%        N/A       1%          3
g - Iskenderun's Mystic   Conj/Tloc      29%        2d7       2%          4
h - Freezing Cloud        Conj/Ice/Air   14%        6-21      7%          5

Your spell library contained the following spells:

 Spells                   Type           Power      Damage    Failure   Level
 Apportation              Tloc           58%        N/A       1%          1
 Slow                     Hex            100%       N/A       1%          1
 Sting                    Tmut/Pois      100%       1d8       1%          1
 Summon Small Mammal      Summ           100%       N/A       1%          1
 Corpse Rot               Necr/Air       58%        N/A       1%          2
 Passwall                 Tmut/Erth      24%        N/A       1%          2
 Poisonous Vapours        Pois/Air       58%        N/A       1%          2
 Confusing Touch          Hex            29%        N/A       1%          3
 Conjure Flame            Conj/Fire      43%        6-21      1%          3
 Dazzling Flash           Conj/Hex       58%        N/A       1%          3
 Ignite Poison            Fire/Tmut/Pois 43%        N/A       1%          3
 Summon Guardian Golem    Hex/Summ       29%        N/A       1%          3
 Swiftness                Air            29%        N/A       1%          3
 Flame Wave               Conj/Fire      43%        2d8       2%          4
 Hailstorm                Conj/Ice       29%        3d8       2%          4
 Passage of Golubria      Tloc           29%        N/A       2%          4
 Sticky Flame             Conj/Fire      43%        2d6       2%          4
 Alistair's Intoxication  Tmut/Pois      19%        N/A       7%          5
 Yara's Violent Unravell  Hex/Tmut       14%        3d7       7%          5
 Starburst                Conj/Fire      21%        6d7       36%         6
 Summon Cactus Giant      Summ           14%        N/A       36%         6


Dungeon Overview and Level Annotations

Branches:
Dungeon (15/15)            Temple (0/1) D:7            Lair (6/6) D:8
 Shoals (1/4) Lair:2       Spider (0/4) Lair:4        Slime (5/5) Lair:6
    Orc (2/2) D:12            Elf (0/3) Orc:2        Vaults (0/5) D:13
 Depths (0/4) D:15         Bailey (visited)           IceCv (visited)

Altars:
Ashenzari
Elyvilon
Fedhas
Nemelex Xobeh
Okawaru
Qazlal
Ru
Trog
Uskayaw
Wu Jian
Xom
Yredelemnul
Zin
Jiyva

Shops:
D:10 :(:   Orc:1 (   Orc:2 !*![

Annotations:
D:13 2 transporters, ThreePoint314's ghost, journeyman HOFi
Shoals:1 Aizul
Slime:5 Royal Jelly
Orc:2 Domino's ghost, journeyman MiBe


Innate Abilities, Weirdness & Mutations

You have very sharp teeth.
Your uncanny sense of smell can sniff out nearby items.
Your experience applies equally to all skills.
You tend to lose your temper in combat.
You are very clumsy. (Dex -4)
Armour fits poorly on your strangely shaped body.
Your body sometimes deteriorates upon taking damage.
You are very frail. (-20% HP)


Message History

Confirm with . or Enter, or press ? or * to list all spells.
You feel a surge of power!
Flames lash Aizul.
Aizul is burned terribly!
Aizul is severely wounded.
You feel extremely sick. Aizul hits you but does no damage.
Aizul coils herself and waves her upper body at you.
You fall asleep.
You feel very sick. Aizul hits you!
You wake up.
* * * LOW HITPOINT WARNING * * *
Unknown command.
Unknown command.
Casting: Scorch (safe; 1% risk of failure)
Confirm with . or Enter, or press ? or * to list all spells.
You feel a surge of power!
Flames lash Aizul.
Aizul is burned terribly!
Aizul is almost dead.
You feel very sick. Aizul hits you.
* * * LOW HITPOINT WARNING * * *
Aizul hits you but does no damage.
Unknown command.
You feel much better.
You feel very sick.
Aizul is no longer more vulnerable to fire.
Aizul hits you.
* * * LOW HITPOINT WARNING * * *
Press: ? - help, v - describe, . - travel
Here: Aizul (almost dead)
The floor.
Casting: Scorch (safe; 1% risk of failure)
Confirm with . or Enter, or press ? or * to list all spells.
You feel a surge of power!
Flames lash Aizul.
Aizul is almost dead.
Aizul's fire resistance burns away.
You feel very sick. Aizul casts a spell at you. The poison arrow hits you!!!
You are more poisoned.
You die...
Xom giggles madly!

≈≈≈≈≈≈...##...≈≈≈≈≈≈≈≈≈≈≈≈
≈≈≈≈≈≈≈≈...≈≈≈≈..≈≈≈≈≈≈≈≈≈
≈≈≈≈.≈≈≈....≈≈..≈≈≈≈≈≈≈≈≈
≈≈≈..≈.####..###...≈≈≈≈≈≈
≈≈..≈.######## ##...≈≈≈≈≈
≈.#.......######...≈≈≈≈≈
.##.^......##......≈≈≈≈≈
..≈≈.........≈####≈≈≈≈≈
°≈≈≈..S@......# ≈≈≈≈≈
≈≈(≈°○≈≈≈≈≈...# ≈≈≈≈
(.○.○≈≈≈≈≈≈...... ≈≈≈≈
..##..≈≈≈≈≈≈≈...≈≈ ≈≈≈ ≈
#.≈≈≈≈≈≈≈≈≈≈≈≈≈≈≈
..>≈≈≈≈≈≈≈≈≈≈≈≈≈≈≈
≈≈≈≈≈≈≈≈≈≈≈≈≈≈≈≈≈≈≈
≈≈≈≈≈≈≈≈.≈≈≈≈≈≈


You could see Aizul (combustible).

Vanquished Creatures
  Rupert (D:12)
  Kirke (Lair:4)
  A caustic shrike zombie (D:15)
  Nessos (D:12)
  An entropy weaver (Lair:5)
  Snorg (Lair:6)
  A deep elf death mage (D:14)
  Harold (D:7)
  An ice dragon (D:13)
  A boulder beetle (Lair:6)
  4 vault guards (D:13)
  2 centaur warriors (D:15)
  8 hydras
  Erica (D:10)
  10 two-headed ogres
  A vampire mage (D:15)
  5 death yaks
  A tengu warrior (D:15)
  2 orc high priests
  Sonja (Orc:2)
  A deep elf knight (D:14)
  3 skeletal warriors
  Pikel (D:7)
  A swamp dragon (D:15)
  A deep elf archer (D:14)
  A golden dragon skeleton (D:15)
  A lindwurm (Lair:4)
  14 ugly things
  8 orc knights
  An oklob plant (Lair:2)
  4 orc sorcerers
  3 cyclopes
  A manticore (D:12)
  6 elephants
  3 ice statues (IceCv)
  2 gargoyles
  9 black mambas
  A guardian serpent (Lair:3)
  A merfolk siren (Shoals:1)
  14 cane toads
  A spriggan zombie (D:15)
  An unseen horror (shapeshifter) (D:13)
  Maggie (D:8)
  A kobold demonologist (D:11)
  A rime drake (Lair:6)
  A freezing wraith (IceCv)
  4 komodo dragons
  A yaktaur (D:15)
  An efreet (D:14)
  A tengu conjurer (D:15)
  An entropy weaver simulacrum (IceCv)
  2 merfolk (Shoals:1)
  6 trolls
  11 hornets
  9 slime creatures
  9 polar bears
  20 blink frogs
  5 dream sheep (Lair:6)
  12 spriggans (Lair:6)
  A centaur simulacrum (D:15)
  3 shadows
  A dire elephant simulacrum (IceCv)
  74 yaks
  Sigmund (D:5)
  A vampire (D:12)
  A wraith (D:12)
  A wyvern (Lair:3)
  2 hogs (Lair:4)
  7 vampire mosquitoes
  3 basilisks
  6 wargs
  A naga (Lair:6)
  3 acid dragons
  A harpy simulacrum (IceCv)
  11 water moccasins
  Duvessa (D:6)
  4 ice beasts
  23 orc warriors
  A human skeleton (D:15)
  11 black bears
  4 sky beasts
  18 wolves
  12 centaurs
  8 ogres
  4 boggarts (Lair:6)
  2 phantoms (D:5)
  6 kobold brigands
  A gnoll sergeant (D:12)
  14 bullfrogs
  A scorpion (D:7)
  A cane toad simulacrum (IceCv)
  Dowan (D:6)
  9 killer bees
  A water moccasin skeleton (D:5)
  An elephant simulacrum (IceCv)
  2 electric eels
  4 howler monkeys
  3 centaur zombies
  15 orc priests
  2 gnoll shamans
  3 hounds
  5 jellies
  A centaur skeleton (D:6)
  2 bullfrog skeletons
  Jessica (D:3)
  A scorpion zombie (D:5)
  Natasha (D:3)
  14 orc wizards
  3 polar bear simulacra (IceCv)
  16 gnolls
  4 adders
  A shadow imp (D:7)
  4 white imps
  An ufetubus (D:7)
  4 worms
  8 dart slugs
  60 orcs
  3 endoplasms
  14 goblins
  10 hobgoblins
  9 jackals
  32 kobolds
  3 quokkas (D:1)
  3 training dummies (D:10)
  6 ball pythons
  7 bats
  5 frilled lizards
  3 rats
  A bush (Lair:2)
700 creatures vanquished.

Vanquished Creatures (collateral kills)
  A catoblepas (Lair:5)
  An orc high priest (Orc:2)
  A deep elf knight (D:14)
  A necromancer (D:15)
  An orc sorcerer (Orc:2)
  2 ugly things (D:15)
  A rime drake (Lair:5)
  An anaconda simulacrum (IceCv)
  A basilisk (D:13)
  5 yaks
  A hog (Lair:4)
  2 centaurs (D:11)
  2 orcs
  A goblin (D:3)
  3 jackals (D:3)
24 creatures vanquished.

Vanquished Creatures (others)
  A human (Lair:4)
  An acid dragon (D:13)
  A water moccasin (Lair:4)
  2 orc warriors
  24 jellies
  2 orc priests (Orc:2)
  2 orc wizards
  9 orcs
  48 fungi
  86 plants
  13 withered plants (D:15)
189 creatures vanquished.

Grand Total: 913 creatures vanquished

Notes
Turn   | Place    | Note
-------+----------+-------------------------------------------
     0 | D:1      | emperorscorpion the Gnoll Chaos Knight began the quest for
                  | the Orb.
     0 | D:1      | Reached XP level 1. HP: 23/23 MP: 1/1
    10 | D:1      | XOM: silly message
    57 | D:1      | XOM: silly message
    97 | D:1      | Reached XP level 2. HP: 21/29 MP: 2/2
   502 | D:1      | Reached XP level 3. HP: 35/35 MP: 3/3
   519 | D:1      | XOM: silly message
   541 | D:1      | XOM: divination: detect items
   633 | D:1      | Found a faded altar of an unknown god.
   787 | D:2      | Reached skill level 1 in Invocations
   976 | D:2      | Reached skill level 1 in Short Blades
   976 | D:2      | Reached skill level 1 in Long Blades
   976 | D:2      | Reached skill level 1 in Maces & Flails
   976 | D:2      | Reached skill level 1 in Polearms
   976 | D:2      | Reached skill level 1 in Staves
   976 | D:2      | Reached skill level 1 in Slings
   976 | D:2      | Reached skill level 1 in Bows
   976 | D:2      | Reached skill level 1 in Crossbows
   976 | D:2      | Reached skill level 1 in Throwing
   976 | D:2      | Reached skill level 1 in Stealth
   976 | D:2      | Reached skill level 1 in Shields
   976 | D:2      | Reached skill level 1 in Unarmed Combat
   976 | D:2      | Reached skill level 1 in Spellcasting
   976 | D:2      | Reached skill level 1 in Evocations
   998 | D:2      | Found a white marble altar of Elyvilon.
  1004 | D:2      | XOM: cast spell 'Cause Fear'
  1037 | D:2      | Reached XP level 4. HP: 40/41 MP: 5/5
  1044 | D:2      | XOM: divination: detect items
  1366 | D:2      | Learned a level 2 spell: Scorch
  1576 | D:2      | XOM: smoke on damage
  1582 | D:2      | Reached skill level 1 in Conjurations
  1582 | D:2      | Reached skill level 1 in Hexes
  1582 | D:2      | Reached skill level 1 in Summonings
  1582 | D:2      | Reached skill level 1 in Necromancy
  1582 | D:2      | Reached skill level 1 in Translocations
  1582 | D:2      | Reached skill level 1 in Transmutations
  1582 | D:2      | Reached skill level 1 in Fire Magic
  1582 | D:2      | Reached skill level 1 in Ice Magic
  1582 | D:2      | Reached skill level 1 in Air Magic
  1582 | D:2      | Reached skill level 1 in Earth Magic
  1582 | D:2      | Reached skill level 1 in Poison Magic
  1703 | D:3      | XOM: summons 4 friendly demons
  1705 | D:3      | XOM: 2-stop teleportation journey
  1711 | D:3      | Reached XP level 5. HP: 45/47 MP: 6/6
  1858 | D:3      | Noticed Jessica
  1861 | D:3      | Killed Jessica
  2252 | D:3      | Noticed Natasha
  2256 | D:3      | Killed Natasha
  2331 | D:3      | XOM: summons 1 hostile demon
  2390 | D:3      | XOM: confusion (+ monsters)
  2397 | D:3      | Reached XP level 6. HP: 36/53 MP: 8/8
  2883 | D:4      | Found a sacrificial altar of Ru.
  3025 | D:4      | Reached skill level 5 in Armour
  3203 | D:4      | Found a broken altar of Ashenzari.
  3208 | D:4      | Found a hide-covered altar of Uskayaw.
  3208 | D:4      | Found a basalt altar of Yredelemnul.
  3208 | D:4      | Found a sparkling altar of Nemelex Xobeh.
  3212 | D:4      | Found a bloodstained altar of Trog.
  3365 | D:4      | Noticed an ice beast
  3386 | D:4      | Killed an ice beast
  3387 | D:4      | Reached XP level 7. HP: 59/59 MP: 2/10
  3675 | D:5      | Entered Level 5 of the Dungeon
  3689 | D:5      | XOM: 5-stop teleportation journey
  3699 | D:5      | XOM: summons 7 friendly demons
  3863 | D:5      | Noticed Sigmund
  3866 | D:5      | Killed Sigmund
  4120 | D:5      | Reached XP level 8. HP: 62/67 MP: 6/12
  4189 | D:5      | XOM: give mutations
  4189 | D:5      | Gained mutation: You sometimes lose the ability to read
                  | scrolls when taking damage. [Xom's mischief]
  4189 | D:5      | Gained mutation: You are frail. (-10% HP) [Xom's mischief]
  4189 | D:5      | Gained mutation: You are clumsy. (Dex -2) [Xom's mischief]
  4189 | D:5      | Gained mutation: You are partially covered in iridescent
                  | scales. (AC +2) [Xom's mischief]
  4535 | D:5      | Reached skill level 5 in Short Blades
  4535 | D:5      | Reached skill level 5 in Long Blades
  4535 | D:5      | Reached skill level 5 in Maces & Flails
  4535 | D:5      | Reached skill level 5 in Polearms
  4535 | D:5      | Reached skill level 5 in Staves
  4535 | D:5      | Reached skill level 5 in Slings
  4535 | D:5      | Reached skill level 5 in Bows
  4535 | D:5      | Reached skill level 5 in Crossbows
  4535 | D:5      | Reached skill level 5 in Throwing
  4535 | D:5      | Reached skill level 5 in Stealth
  4535 | D:5      | Reached skill level 5 in Shields
  4535 | D:5      | Reached skill level 5 in Unarmed Combat
  4535 | D:5      | Reached skill level 5 in Spellcasting
  4535 | D:5      | Reached skill level 5 in Invocations
  4535 | D:5      | Reached skill level 5 in Evocations
  4535 | D:5      | Reached XP level 9. HP: 61/67 MP: 3/17
  4721 | D:6      | Noticed Duvessa
  4722 | D:6      | Noticed Dowan
  4920 | D:6      | XOM: enchant monster (good)
  4945 | D:6      | XOM: 8-stop teleportation journey
  5022 | D:6      | Killed Duvessa
  5027 | D:6      | Killed Dowan
  5334 | D:6      | Found an ornate altar of the Wu Jian Council.
  5658 | D:7      | Noticed a hornet
  5660 | D:7      | XOM: enchant monster (good)
  5674 | D:7      | XOM: silly message
  5725 | D:7      | Identified a scroll of acquirement
  5725 | D:7      | Acquired a +8 quick blade
  5838 | D:7      | XOM: 1-stop teleportation journey
  5898 | D:7      | Found a flagged portal.
  5908 | Bailey   | Entered a bailey
  5914 | Bailey   | Learned a level 3 spell: Vampiric Draining
  5918 | Bailey   | Learned a level 3 spell: Call Canine Familiar
  6038 | Bailey   | Noticed an orc warlord
  6089 | Bailey   | XOM: noise
  6197 | Bailey   | XOM: 1-stop teleportation journey
  6250 | Bailey   | Found a runed translucent gate.
  6250 | Bailey   | Found a runed translucent gate.
  6266 | Bailey   | Found a runed translucent gate.
  6408 | Bailey   | Learned a level 3 spell: Tukima's Dance
  6431 | Bailey   | XOM: polymorph hobgoblin -> quokka
  6457 | Bailey   | XOM: cast spell 'Cause Fear'
  6459 | Bailey   | Noticed a death yak
  6459 | Bailey   | an orc warlord changed into a death yak
  6459 | Bailey   | XOM: polymorph orc warlord -> death yak
  6478 | Bailey   | Acquired 535 gold pieces
  6492 | Bailey   | Reached skill level 5 in Conjurations
  6492 | Bailey   | Reached skill level 5 in Hexes
  6492 | Bailey   | Reached skill level 5 in Summonings
  6492 | Bailey   | Reached skill level 5 in Necromancy
  6492 | Bailey   | Reached skill level 5 in Translocations
  6492 | Bailey   | Reached skill level 5 in Transmutations
  6492 | Bailey   | Reached skill level 5 in Fire Magic
  6492 | Bailey   | Reached skill level 5 in Ice Magic
  6492 | Bailey   | Reached skill level 5 in Air Magic
  6492 | Bailey   | Reached skill level 5 in Earth Magic
  6492 | Bailey   | Reached skill level 5 in Poison Magic
  6492 | Bailey   | Reached XP level 10. HP: 44/74 MP: 17/19
  6530 | Bailey   | XOM: scenery: 3 doors open
  6580 | D:7      | Noticed Harold
  6995 | D:8      | XOM: divine lightning
  7029 | D:7      | XOM: 1-stop teleportation journey
  7036 | D:7      | XOM: scenery: 1 doors open
  7038 | D:7      | XOM: god gift: +6 ring of strength
  7041 | D:6      | Reached XP level 11. HP: 39/80 MP: 18/20
  7265 | D:7      | XOM: god gift: curved bronze wand {god gift}
  7396 | D:7      | XOM: give mutation
  7396 | D:7      | Lost mutation: You are clumsy. (Dex -2) [Xom's grace]
  7446 | D:7      | XOM: summons 5 hostile demons
  7447 | D:7      | Noticed a sixfirhy
  7566 | D:7      | XOM: summons friendly white imp
  7575 | D:7      | Killed Harold
  7664 | D:7      | XOM: scenery: create altars
  7672 | D:7      | XOM: cast spell 'Metabolic Englaciation'
  7675 | D:7      | Killed a death yak
  7730 | D:7      | Found a glowing silver altar of Zin.
  7889 | D:7      | Found a staircase to the Ecumenical Temple.
  8178 | D:8      | Noticed Pikel
  8183 | D:8      | XOM: polymorph Pikel -> Pikel
  8190 | D:7      | Killed Pikel
  8622 | D:8      | Noticed Maggie
  8626 | D:8      | XOM: divination: detect items
  8628 | D:8      | Killed Maggie
  8794 | D:8      | Found a staircase to the Lair.
  9003 | D:8      | You fall into a shaft and drop 1 floor!
  9003 | D:9      | Noticed a two-headed ogre
  9015 | D:9      | XOM: butterfly on damage
  9017 | D:9      | Killed a two-headed ogre
  9094 | D:9      | XOM: cloud trail
  9115 | D:9      | XOM: god gift: box of beasts
  9182 | D:9      | Identified the +3 flail "Weaciry" {vamp, Int+2}
  9247 | D:9      | XOM: god gift: scroll of blinking
  9736 | D:9      | Found an iron altar of Okawaru.
 10148 | D:10     | Entered Level 10 of the Dungeon
 10148 | D:10     | Found Ewnopp's Book Boutique.
 10152 | D:10     | Noticed a two-headed ogre
 10253 | D:10     | Bought the Guide on Contamination and Attacks for 432 gold
                  | pieces
 10259 | D:10     | Learned a level 5 spell: Fireball
 10321 | D:10     | Identified the +6 hand axe of the Messenger {flame, Dex+6}
 10357 | D:10     | XOM: god gift: 22 arrows
 10374 | D:10     | XOM: give mutations
 10374 | D:10     | Gained mutation: Your movements are slightly less
                  | encumbered by armour. (ER -2) [Xom's grace]
 10374 | D:10     | Gained mutation: You have large cloven feet. [Xom's grace]
 10374 | D:10     | Gained mutation: Your spells are a little harder to cast,
                  | but a little more powerful. [Xom's grace]
 10380 | D:10     | XOM: fog
 10402 | D:10     | Found Nikhlusm's Firing Range.
 10464 | D:10     | Found Ymusk's Book Shoppe.
 10529 | D:10     | Reached XP level 12. HP: 87/87 MP: 17/23
 10596 | D:10     | Identified the +3 quarterstaff "Urif" {antimagic, +Blink
                  | Stlth+}
 10615 | D:10     | Noticed Erica
 10619 | D:10     | XOM: confuse monster(s)
 10622 | D:10     | Killed Erica
 10623 | D:10     | Reached skill level 10 in Fighting
 10623 | D:10     | Reached skill level 10 in Axes
 10656 | D:10     | Lost mutation: You have large cloven feet. [potion of
                  | mutation]
 10656 | D:10     | Lost mutation: You are frail. (-10% HP) [potion of
                  | mutation]
 10656 | D:10     | Gained mutation: You are frail. (-10% HP) [potion of
                  | mutation]
 10656 | D:10     | Lost mutation: You are partially covered in iridescent
                  | scales. (AC +2) [potion of mutation]
 10656 | D:10     | Gained mutation: You possess an exceptional clarity of
                  | mind. [potion of mutation]
 10682 | D:10     | Killed a two-headed ogre
 10938 | D:11     | XOM: summons friendly white imp
 10940 | D:11     | HP: 1/87 [gargoyle/stone arrow (30)]
 11018 | D:11     | Noticed a two-headed ogre
 11023 | D:11     | XOM: confuse monster(s)
 11084 | D:11     | XOM: enchant monster (good)
 11184 | D:11     | Noticed a soul eater
 11241 | D:11     | XOM: cloud trail
 11284 | D:11     | Noticed a two-headed ogre
 11284 | D:11     | XOM: 2-stop teleportation journey
 11285 | D:11     | XOM: potion effect (brilliance)
 11299 | D:11     | XOM: noise
 11302 | D:11     | XOM: noise
 11303 | D:11     | Killed a two-headed ogre
 11304 | D:11     | a two-headed ogre changed into a slime creature
 11304 | D:11     | XOM: polymorph two-headed ogre -> slime creature
 12024 | D:12     | Noticed a two-headed ogre
 12024 | D:12     | Noticed an eight-headed hydra
 12025 | D:12     | Noticed Nessos
 12067 | D:12     | Noticed a two-headed ogre
 12134 | D:12     | Noticed Rupert
 12153 | D:11     | XOM: summons 2 hostile demons
 12276 | Lair:1   | Entered Level 1 of the Lair of Beasts
 12283 | Lair:1   | Identified the +11 mace of Uncertain Death {vorpal, Dex+4}
 12330 | Lair:1   | XOM: 1-stop teleportation journey
 12814 | Lair:1   | Lost mutation: You sometimes lose the ability to read
                  | scrolls when taking damage. [potion of mutation]
 12814 | Lair:1   | Lost mutation: You are frail. (-10% HP) [potion of
                  | mutation]
 12814 | Lair:1   | Gained mutation: Your spells are harder to cast, but more
                  | powerful. [potion of mutation]
 12981 | Lair:1   | XOM: summons 7 hostile demons
 12985 | Lair:1   | XOM: enchant monster (good)
 12990 | Lair:1   | XOM: stat loss: -1 Dex (13/14)
 13371 | Lair:1   | Reached XP level 13. HP: 95/104 MP: 20/25
 13640 | Lair:1   | XOM: give mutation
 13640 | Lair:1   | Lost mutation: You possess an exceptional clarity of mind.
                  | [Xom's mischief]
 13669 | Lair:2   | XOM: confusion (+ monsters)
 13834 | Lair:1   | XOM: scenery: create altars
 13958 | Lair:2   | XOM: god gift: pair of brightly glowing gloves {god gift}
 13958 | Lair:2   | Identified the +0 pair of gloves "Kuyjuw" {rF++ Regen+
                  | Dex-3 SInv} (Xom gifted it to you on level 2 of the Lair of
                  | Beasts)
 14128 | Lair:2   | Learned a level 3 spell: Mephitic Cloud
 14182 | Lair:2   | Found a staircase to the Shoals.
 14261 | Lair:2   | XOM: polymorph yak -> black bear
 14266 | Lair:2   | XOM: scenery: create altars
 14304 | Lair:2   | You fall into a shaft and drop 2 floors!
 14353 | Lair:4   | XOM: smoke on damage
 14452 | Lair:4   | XOM: god gift: box of beasts
 14471 | Lair:4   | XOM: summons friendly shadow imp
 14530 | Lair:4   | Found a hole to the Spider Nest.
 14616 | Lair:3   | XOM: fog
 14625 | Lair:3   | XOM: polymorph elephant -> guardian serpent
 14643 | Lair:3   | XOM: cleaving
 14878 | Lair:3   | XOM: scenery: summon butterflies
 14911 | Lair:3   | XOM: scenery: summon butterflies
 14921 | Lair:3   | XOM: 10-stop teleportation journey
 15058 | Lair:3   | Reached skill level 10 in Armour
 15574 | Lair:4   | Noticed Kirke
 15576 | Lair:4   | XOM: scenery: 2 fountains blood, 2 doors open
 15577 | Lair:4   | Noticed a sphinx
 15595 | Lair:4   | Killed Kirke
 15704 | Lair:4   | Found a blossoming altar of Fedhas.
 16090 | Lair:4   | XOM: noise
 16160 | Lair:4   | Reached XP level 14. HP: 113/113 MP: 21/27
 16438 | Lair:4   | XOM: enchant monster (bad)
 16440 | Lair:4   | Reached skill level 10 in Invocations
 16499 | Lair:4   | XOM: torment (58/113 hp)
 16629 | Lair:5   | XOM: cleaving
 16638 | Lair:5   | XOM: divination: detect creatures
 16683 | Lair:5   | Lost mutation: Your movements are slightly less encumbered
                  | by armour. (ER -2) [potion of mutation]
 16683 | Lair:5   | Lost mutation: Your spells are harder to cast, but more
                  | powerful. [potion of mutation]
 16683 | Lair:5   | Gained mutation: You have an increased reservoir of magic.
                  | (+10% MP) [potion of mutation]
 16683 | Lair:5   | Gained mutation: You have sharp toenails. [potion of
                  | mutation]
 16907 | Lair:5   | Identified the +5 ring mail of the Beekeeper {rElec rN++
                  | Dex-2}
 17084 | Lair:5   | XOM: polymorph blink frog -> ice beast
 17353 | Lair:5   | Noticed an entropy weaver
 17353 | Lair:5   | a death yak changed into an entropy weaver
 17353 | Lair:5   | XOM: polymorph death yak -> entropy weaver
 17358 | Lair:5   | Killed an entropy weaver
 18073 | Lair:6   | Entered Level 6 of the Lair of Beasts
 18129 | Lair:6   | XOM: polymorph wolf -> naga
 18143 | Lair:6   | XOM: smoke on damage
 18151 | Lair:6   | XOM: potion effect (curing)
 18205 | Lair:6   | XOM: silly message
 18208 | Lair:6   | Reached skill level 10 in Dodging
 18224 | Lair:6   | XOM: silly message
 18439 | Lair:6   | XOM: enchant monster (bad)
 18514 | Lair:6   | XOM: 1-stop teleportation journey
 18620 | Lair:6   | XOM: give mutations
 18620 | Lair:6   | Gained mutation: You are frail. (-10% HP) [Xom's mischief]
 18620 | Lair:6   | Gained mutation: You are very frail. (-20% HP) [Xom's
                  | mischief]
 18620 | Lair:6   | Gained mutation: You are clumsy. (Dex -2) [Xom's mischief]
 18662 | Lair:6   | XOM: silly message
 18724 | Lair:6   | XOM: silly message
 18725 | Lair:6   | XOM: potion effect (curing)
 18926 | Lair:6   | Noticed Snorg
 18934 | Lair:6   | XOM: enchant monster (good)
 18955 | Lair:6   | Killed Snorg
 18956 | Lair:6   | Reached XP level 15. HP: 68/96 MP: 5/31
 19042 | Lair:6   | Found a staircase to the Slime Pits.
 19042 | Lair:6   | Found a viscous altar of Jiyva.
 19151 | Lair:6   | XOM: silly message
 19250 | Lair:6   | XOM: divination: detect creatures
 19356 | Lair:6   | XOM: god gift: wand of charming (6)
 20004 | D:8      | XOM: scenery: 1 doors close
 20259 | D:8      | XOM: cloud trail
 20358 | D:12     | XOM: divination: magic mapping
 20359 | D:12     | XOM: summons friendly crimson imp
 20369 | D:12     | Reached skill level 10 in Short Blades
 20369 | D:12     | Reached skill level 10 in Long Blades
 20369 | D:12     | Reached skill level 10 in Maces & Flails
 20369 | D:12     | Reached skill level 10 in Polearms
 20369 | D:12     | Reached skill level 10 in Staves
 20369 | D:12     | Reached skill level 10 in Slings
 20369 | D:12     | Reached skill level 10 in Bows
 20369 | D:12     | Reached skill level 10 in Crossbows
 20369 | D:12     | Reached skill level 10 in Throwing
 20369 | D:12     | Reached skill level 10 in Stealth
 20369 | D:12     | Reached skill level 10 in Shields
 20369 | D:12     | Reached skill level 10 in Unarmed Combat
 20369 | D:12     | Reached skill level 10 in Spellcasting
 20369 | D:12     | Reached skill level 10 in Evocations
 20411 | D:12     | XOM: enchant monster (bad)
 20413 | D:12     | Killed Nessos
 20457 | D:12     | XOM: noise
 20464 | D:12     | Killed Rupert
 20606 | D:12     | Found a portal to a secret trove of treasure.
 20622 | Trove    | Entered a treasure trove
 20791 | D:12     | Found a staircase to the Orcish Mines.
 20849 | D:12     | Lost mutation: You have sharp toenails. [potion of
                  | mutation]
 20849 | D:12     | Lost mutation: You have an increased reservoir of magic.
                  | (+10% MP) [potion of mutation]
 20849 | D:12     | Lost mutation: You are clumsy. (Dex -2) [potion of
                  | mutation]
 20849 | D:12     | Lost mutation: Your spells are a little harder to cast, but
                  | a little more powerful. [potion of mutation]
 20849 | D:12     | Gained mutation: You tend to lose your temper in combat.
                  | [potion of mutation]
 21106 | D:12     | XOM: summons 6 hostile demons
 21304 | D:13     | Found a transporter.
 21335 | D:13     | XOM: chaos upgrade
 21367 | D:13     | Found a frozen archway.
 21381 | D:13     | XOM: draining
 21448 | D:13     | Found a gate to the Vaults.
 21449 | D:13     | XOM: confuse monster(s)
 21464 | D:13     | XOM: summons 2 friendly demons
 21482 | D:13     | XOM: potion effect (magic)
 21490 | D:13     | XOM: cast spell 'Discord'
 21562 | D:13     | XOM: divination: detect creatures
 21660 | IceCv    | Entered an ice cave
 21691 | IceCv    | XOM: noise
 21692 | IceCv    | XOM: summons 6 friendly demons
 21729 | IceCv    | Acquired a +2 buckler of protection
 22085 | IceCv    | XOM: give mutations
 22085 | IceCv    | Gained mutation: Your body sometimes deteriorates upon
                  | taking damage. [Xom's mischief]
 22085 | IceCv    | Gained mutation: Armour fits poorly on your strangely
                  | shaped body. [Xom's mischief]
 22085 | IceCv    | Gained mutation: You are clumsy. (Dex -2) [Xom's mischief]
 22085 | IceCv    | Gained mutation: You are very clumsy. (Dex -4) [Xom's
                  | mischief]
 22305 | D:13     | Found a transporter.
 22309 | D:13     | Noticed ThreePoint314's ghost (journeyman HOFi)
 22327 | D:13     | XOM: 1-stop teleportation journey
 22729 | D:13     | XOM: silly message
 22915 | D:14     | Learned a level 4 spell: Iskenderun's Mystic Blast
 22921 | D:14     | Learned a level 5 spell: Freezing Cloud
 22946 | D:14     | XOM: silly message
 22971 | D:14     | XOM: butterfly on damage
 23388 | D:14     | XOM: scenery: summon butterflies
 23691 | D:15     | Entered Level 15 of the Dungeon
 23804 | D:15     | XOM: god gift: scroll of enchant weapon
 23925 | D:15     | Reached XP level 16. HP: 98/100 MP: 6/30
 24502 | D:15     | XOM: potion effect (heal wounds)
 24513 | D:15     | XOM: polymorph orc knight -> swamp dragon
 24713 | D:15     | XOM: polymorph green ugly thing -> cyan ugly thing
 24718 | D:15     | XOM: confuse monster(s)
 24885 | D:15     | XOM: 1-stop teleportation journey
 25012 | D:15     | Found a staircase to the Depths.
 25139 | D:15     | Found a stormy altar of Qazlal.
 25733 | Lair:6   | Fell from the grace of Xom
 25733 | Lair:6   | Became a worshipper of Jiyva Jutzim the Shapeless
 25982 | Orc:1    | Entered Level 1 of the Orcish Mines
 26501 | Orc:1    | Found Rasyhusch's Weapon Shoppe.
 26521 | Orc:2    | Entered Level 2 of the Orcish Mines
 26740 | Orc:2    | Found a staircase to the Elven Halls.
 26756 | Orc:2    | Reached * piety under Jiyva
 26785 | Orc:2    | Noticed Sonja
 26798 | Orc:2    | Killed Sonja
 26803 | Orc:2    | XOM: summons 4 hostile shadow creatures
 27124 | Orc:2    | XOM: swap monsters
 27309 | Orc:2    | Found a runed translucent gate.
 27310 | Orc:2    | Found a runed translucent gate.
 27310 | Orc:2    | Found a runed translucent gate.
 27314 | Orc:2    | Noticed Domino's ghost (journeyman MiBe)
 27465 | Orc:2    | Found Muqiodys's Armour Shop.
 27465 | Orc:2    | Found Gijubesh's Distillery.
 27467 | Orc:2    | Found Axoykew's General Store.
 27467 | Orc:2    | Found Dysoag's Distillery.
 27525 | Orc:2    | Bought a potion of curing for 45 gold pieces
 27525 | Orc:2    | Bought a potion of resistance for 150 gold pieces
 27529 | Orc:2    | Bought a potion of heal wounds for 70 gold pieces
 27529 | Orc:2    | Bought a potion of haste for 140 gold pieces
 27529 | Orc:2    | Bought 2 potions of haste for 280 gold pieces
 27732 | Orc:2    | XOM: summons friendly iron imp
 28071 | Slime:1  | Entered Level 1 of the Pits of Slime
 28142 | Slime:1  | Reached ** piety under Jiyva
 28152 | Slime:2  | Found a viscous altar of Jiyva.
 28159 | Slime:2  | Noticed an azure jelly
 28284 | Slime:3  | Noticed a rockslime
 28284 | Slime:3  | Noticed an acid blob
 28285 | Slime:3  | Noticed an acid blob
 28329 | Slime:3  | Noticed an acid blob
 28350 | Slime:3  | Noticed an acid blob
 28449 | Slime:4  | Noticed a rockslime
 28457 | Slime:5  | Entered Level 5 of the Pits of Slime
 28457 | Slime:5  | Noticed an azure jelly
 28461 | Slime:5  | Noticed an azure jelly
 28478 | Slime:5  | Noticed an acid blob
 28493 | Slime:5  | Found a viscous altar of Jiyva.
 28495 | Slime:5  | Reached *** piety under Jiyva
 28495 | Slime:5  | Noticed the Royal Jelly
 28496 | Slime:5  | Found the +2 shield of Resistance {rF++ rC++ Will++}
 28522 | Slime:5  | Noticed an acid blob
 28530 | Slime:5  | Noticed an acid blob
 28552 | Slime:5  | Noticed an acid blob
 28752 | Shoals:1 | Entered Level 1 of the Shoals
 28891 | Shoals:1 | Noticed Aizul
 28905 | Shoals:1 | HP: 3/103 [Aizul (6)]
 28907 | Shoals:1 | Killed from afar by Aizul

Illustrated notes

Levels and vault maps discovered:
D:1:      lemuel_arrival_muddy, layout_rooms,
          shapermc_ecumenical_altar_mp_highgroup
D:2:      layout_basic, basic_altar
D:3:      kennysheep_slugbush, layout_basic, uniq_natasha, uniq_jessica
D:4:      layout_basic, minitemple, mainiacjoe_overflow_chevrons, minivault_1
D:5:      layout_basic, serial_glass, glass_columns_a, glass_columns_b,
          uniq_sigmund
D:6:      layout_rooms, lemuel_tele_altar, uniq_duvessa
D:7:      layout_basic, zin_scriptorium, minmay_temple_entry_glassed_door,
          enter_bailey_5, nicolae_concentric_dashed_squares_wild,
          minmay_alternating_orb, uniq_harold
D:8:      layout_gridville, david_lair_shrubbed, nrook_loot_triangle,
          dk_vineyard_1, roderic_roman_lattice, uniq_maggie, uniq_pikel
D:9:      layout_roguey, okawaru_gym_becter
D:10:     layout_rooms, serial_shops, nicolae_stop_n_shop_1,
          kennysheep_little_box, minivault_25, nicolae_shop_firing_range,
          uniq_erica
D:11:     layout_basic
D:12:     layout_roguey, erik_orc_4, nicolae_trove_entry_crystal, uniq_rupert,
          uniq_nessos
D:13:     layout_basic, lightli_vaults_fourway_checkpoint,
          portal_ice_cave_entry_animals_and_master,
          gammafunk_ghost_berserking_beasts, drop_trap
D:14:     layout_cave_pools, ebering_dispersal_statue_hall
D:15:     gammafunk_depths_entry_grave, layout_stronghold, st_stairs_12,
          nicolae_qazlal_general_emergency
Lair:1:   layout_hall_layers, gammafunk_lair_bear_cave
Lair:2:   layout_hall_layers, elwin_shoals_entry_rocks,
          minmay_lair_oklob_bushes, st_stairs_7, serial_bayou_pond_d
Lair:3:   layout_layer_cave, st_stairs_4, wad_woods_road_04, lemuel_fruit_tree
Lair:4:   cheibrodos_lair_overgrown_chateau, layout_hall_layers,
          dummy_spider_entry, basic_altar, grunt_megastairs_3,
          serial_bayou_shore_b, serial_bayou_shore_b, serial_bayou_shore_b,
          uniq_kirke
Lair:5:   layout_layer_cave, nicolae_lair_grazing_beasts
          [nicolae_sub_lair_graze_edge, nicolae_sub_lair_graze_edge,
          nicolae_sub_lair_graze_edge, nicolae_sub_lair_graze_edge],
          grunt_megastairs_4
Lair:6:   minmay_lair_end_enchanted_forest, layout_loops_ring, slime_altar_1,
          uniq_snorg
Shoals:1: layout_shoals, minmay_shop_enchanted_jewellery, uniq_nikola,
          uniq_aizul
Slime:1:  layout_caves
Slime:2:  layout_caves, basic_altar
Slime:3:  layout_caves
Slime:4:  layout_caves
Slime:5
Orc:1:    layout_caves, serial_shops, nicolae_lakefront_shop,
          nicolae_orc_crystal_geode
Orc:2:    grunt_orc_tribal_feast, layout_caves, maelrawn_ghost_gauntlet_escape,
          uniq_sonja

Skill      XL: |  1  2  3  4  5  6  7  8  9 10 11 12 13 14 15 16 |
---------------+-------------------------------------------------+-----
Invocations    | 1 2 3 5 7 8 9 10 11 12 | 12.0
Short Blades   | 1 2 5 6 7 8 9 10 11 | 11.1
Long Blades    | 1 2 5 6 7 8 9 10 11 | 11.1
Maces & Flails | 1 2 5 6 7 8 9 10 11 | 11.1
Polearms       | 1 2 5 6 7 8 9 10 11 | 11.1
Staves         | 1 2 5 6 7 8 9 10 11 | 11.7
Slings         | 1 2 5 6 7 8 9 10 11 | 11.1
Bows           | 1 2 5 6 7 8 9 10 11 | 11.1
Crossbows      | 1 2 5 6 7 8 9 10 11 | 11.1
Throwing       | 1 2 5 6 7 8 9 10 11 | 11.1
Stealth        | 1 2 5 6 7 8 9 10 11 | 11.1
Shields        | 1 2 5 6 7 8 9 10 11 | 11.1
Unarmed Combat | 1 2 5 6 7 8 9 10 11 | 11.1
Spellcasting   | 1 2 5 6 7 8 9 10 11 | 11.1
Evocations     | 1 2 5 6 7 8 9 10 11 | 11.1
Conjurations   | 1 2 4 5 6 7 8 9 |  9.3
Hexes          | 1 2 4 5 6 7 8 9 |  9.3
Summonings     | 1 2 4 5 6 7 8 9 |  9.3
Necromancy     | 1 2 4 5 6 7 8 9 |  9.3
Translocations | 1 2 4 5 6 7 8 9 |  9.3
Transmutations | 1 2 4 5 6 7 8 9 |  9.3
Fire Magic     | 1 2 4 5 6 7 8 9 |  9.3
Ice Magic      | 1 2 4 5 6 7 8 9 |  9.3
Air Magic      | 1 2 4 5 6 7 8 9 |  9.3
Earth Magic    | 1 2 4 5 6 7 8 9 |  9.3
Poison Magic   | 1 2 4 5 6 7 8 9 |  9.3
Dodging        | 3 6 7 8 9 10 11 | 11.4
Armour         | 5 7 8 9 10 11 12 | 12.0
Fighting       | 7 8 9 10 11 12 | 12.8
Axes           | 7 8 9 10 11 12 | 12.8

Action                   |  1- 3 |  4- 6 |  7- 9 | 10-12 | 13-15 | 16-18 || total
-------------------------+-------+-------+-------+-------+-------+-------++-------
Melee: Hand axe          |   117 |    81 |       |    23 |    10 |       ||   231
       Bite              |     6 |     4 |     2 |     2 |    15 |       ||    29
       Quick blade       |       |       |    18 |     9 |     4 |       ||    31
       Punch             |       |       |     1 |     1 |     5 |       ||     7
       Mace              |       |       |       |       |    33 |       ||    33
 Fire: Arbalest          |       |    66 |   148 |   226 |   436 |   191 ||  1067
Throw: Javelin           |     3 |    10 |       |       |    11 |       ||    24
       Dart              |       |       |       |    12 |       |       ||    12
       Throwing net      |       |       |       |       |     1 |       ||     1
 Cast: Scorch            |       |    12 |    51 |   196 |   181 |    83 ||   523
       Call Canine Famil |       |       |     1 |     2 |       |       ||     3
       Vampiric Draining |       |       |       |     7 |    57 |       ||    64
       Fireball          |       |       |       |     1 |   184 |    57 ||   242
       Mephitic Cloud    |       |       |       |       |    29 |     9 ||    38
       Freezing Cloud    |       |       |       |       |     2 |    16 ||    18
       Iskenderun's Myst |       |       |       |       |       |     2 ||     2
       Tukima's Dance    |       |       |       |       |       |     1 ||     1
Evoke: Condenser vane    |       |       |       |     2 |     5 |     2 ||     9
       Wand              |       |       |       |    16 |    27 |     5 ||    48
       Box of beasts     |       |       |       |     1 |     5 |     2 ||     8
       Piece from Xom's  |       |       |       |       |       |     5 ||     5
  Use: Scroll            |     2 |       |    12 |     8 |    13 |     2 ||    37
       Potion            |       |       |    10 |    13 |     7 |     3 ||    33
 Stab: Confused          |     3 |     2 |       |       |       |       ||     5
       Sleeping          |       |     3 |       |       |       |       ||     3
       Distracted        |       |       |       |       |     2 |       ||     2
       Paralysed         |       |       |       |       |     4 |       ||     4
Armor: Leather armour    |    52 |    54 |    36 |    44 |       |       ||   186
       Skin              |       |       |       |    12 |    16 |       ||    28
       Troll leather arm |       |       |       |    44 |   219 |    59 ||   322
Dodge: Dodged            |    69 |    94 |    80 |   203 |   407 |    96 ||   949
Block: Other             |       |       |       |    12 |    10 |    32 ||    54
       Reflection        |       |       |       |     6 |     2 |     4 ||    12

Table legend: (Time is in decaauts)
 A = Elapsed time spent in this place.
 B = Non-inter-level travel time spent in this place.
 C = Inter-level travel time spent in this place.
 D = Time resting spent in this place.
 E = Time spent auto-exploring this place.
 F = Levels seen in this place.
 G = Mean time per level.
                   A        B        C        D        E       F      G
               +--------+--------+--------+--------+--------+-----+--------+
         Total |  29467 |  26716 |   2751 |    950 |  19394 |  32 |  920.8 |
       Dungeon |  17535 |  15846 |   1689 |    568 |  11970 |  15 | 1169.0 |
          Lair |   8146 |   7245 |    901 |     24 |   5355 |   6 | 1357.7 |
        Shoals |    159 |    159 |      0 |      0 |    125 |   1 |  159.0 |
    Slime Pits |    591 |    460 |    131 |      0 |    410 |   5 |  118.2 |
  Orcish Mines |   1738 |   1711 |     27 |     66 |   1095 |   2 |  869.0 |
         Trove |     41 |     41 |      0 |      0 |     28 |   1 |   41.0 |
        Bailey |    662 |    662 |      0 |     44 |    337 |   1 |  662.0 |
      Ice Cave |    591 |    591 |      0 |    247 |     74 |   1 |  591.0 |
               +--------+--------+--------+--------+--------+-----+--------+

Top non-repeatable levels by time:
  Lair:6: 1672 daAuts
  Lair:5: 1659 daAuts
  Lair:1: 1659 daAuts
     D:7: 1579 daAuts
     D:8: 1521 daAuts
    D:15: 1398 daAuts
  Lair:4: 1388 daAuts
     D:6: 1353 daAuts
     D:9: 1322 daAuts
    D:14: 1247 daAuts
    D:11: 1245 daAuts
   Orc:2: 1173 daAuts
     D:3: 1171 daAuts
     D:5: 1116 daAuts
  Lair:3: 1100 daAuts
